 Dungeon Crawl Stone Soup version 0.29.0-10-g45618ea6d2 (webtiles) character file.

Game seed: 2145220940878494230

348713 sanka the Wrestler (level 21, -4/230 HPs)
             Began as a Troll Cinder Acolyte on Sept 1, 2022.
             Was a High Priest of Okawaru.
             Slain by a large abomination (15 damage)
             ... on level 4 of the Abyss.
             The game lasted 02:34:27 (44755 turns).

sanka the Wrestler (Troll Cinder Acolyte)          Turns: 44755, Time: 02:34:28

Health: -4/230     AC: 31    Str: 27    XL:     21   Next: 24%
Magic:  0/29       EV:  9    Int: 10    God:    Okawaru [*****.]
Gold:   605        SH:  0    Dex: 11    Spells: 20/22 levels left

rFire   + + +      SeeInvis +     - Unarmed
rCold   + . .      Faith    .   f - +10 kite shield of Okawaru's Approval {rElec SInv}
rNeg    + + .      Spirit   +   j - +3 gold dragon scales of Wasted Space {+Blink rPois rF+ rC+}
rPois   +          Reflect  .   w - +2 hat of Tartarus {rF++ rN++ Str-5}
rElec   +          Harm     .   B - +1 cloak {Will+}
rCorr   .          Rampage  .   (gloves unavailable)
Will    ++...                   (boots unavailable)
Stlth   ..........              O - amulet of guardian spirit
HPRegen 1.28/turn               s - ring of Beogh's Righteous Fury {AC+4 Int+2}
MPRegen 0.21/turn               V - ring "Tathynli" {EV+4 Dex+4}

@: confused, about to teleport, ambrosia-drunk
A: large, unfitting armour, claws 3, regeneration 1, shaggy fur 1, tough skin 1,
dopey 1, poison resistance, screaming 1, weak 1, subdued magic 1, inability to
drink after injury 1
}: 2/15 runes: demonic, magical
a: Renounce Religion, Evoke Blink, Heroism, Finesse, Duel


You were on level 4 of the Abyss.
You worshipped Okawaru.
Okawaru was extremely pleased with you.
You visited 4 branches of the dungeon, and saw 21 of its levels.
You visited Pandemonium 2 times, and saw 6 of its levels.
You visited the Abyss 2 times.

You collected 5049 gold pieces.
You spent 4444 gold pieces at shops.


Innate Abilities, Weirdness & Mutations

You are too large for most types of armour.
You have claws for hands.
Your natural rate of healing is unusually fast.
You are covered in fur. (AC +1)
You have tough skin. (AC +1)
You are dopey. (Int -2)
Your system is resistant to poisons. (rPois)
You occasionally shout uncontrollably at your foes.
You are weak. (Str -2)
Your spells are a little easier to cast, but a little less powerful.
You occasionally lose the ability to drink potions when taking damage.


   Skills:
 * Level 18.3 Fighting
 + Level 8.9 Throwing
 + Level 11.8 Armour
 - Level 8.0 Dodging
 + Level 11.0 Shields
 - Level 22.0 Unarmed Combat
 - Level 1.0 Spellcasting
 - Level 2.1 Fire Magic
 - Level 12.0 Invocations


You had 20 spell levels left.
You knew the following spells:

 Your Spells              Type           Power      Damage    Failure   Level
N - Passwall              Tmut/Erth      0%         N/A       100%        2

Your spell library contained the following spells:

 Spells                   Type           Power      Damage    Failure   Level
 Apportation              Tloc           0%         N/A       100%        1
 Magic Dart               Conj           0%         1d3       100%        1
 Necrotise                Necr           0%         1d4       100%        1
 Ensorcelled Hibernation  Hex/Ice        0%         N/A       100%        2
 Scorch                   Fire           6%         2d5       100%        2
 Confusing Touch          Hex            0%         N/A       100%        3
 Frozen Ramparts          Ice            0%         1d1       100%        3
 Gell's Gravitas          Tloc           0%         N/A       100%        3
 Ignite Poison            Fire/Tmut/Pois 1%         N/A       100%        3
 Lesser Beckoning         Tloc           0%         N/A       100%        3
 Mephitic Cloud           Conj/Pois/Air  0%         N/A       100%        3
 Swiftness                Air            0%         N/A       100%        3
 Teleport Other           Tloc           0%         N/A       100%        3
 Ice Form                 Ice/Tmut       0%         N/A       100%        4
 Olgreb's Toxic Radiance  Pois           0%         N/A       100%        4
 Passage of Golubria      Tloc           0%         N/A       100%        4
 Borgnjor's Vile Clutch   Necr/Erth      0%         N/A       100%        5
 Freezing Cloud           Conj/Ice/Air   0%         6-21      100%        5
 Yara's Violent Unravell  Hex/Tmut       0%         3d3       100%        5
 Dispersal                Tloc           0%         N/A       100%        6
 Eringya's Noxious Bog    Tmut/Pois      0%         N/A       100%        6
 Enfeeble                 Hex            0%         N/A       100%        7
 Ozocubu's Refrigeration  Ice            0%         4d7       100%        7
 Disjunction              Tloc           0%         N/A       100%        8
 Ignition                 Fire           1%         3d3       100%        8
 Summon Small Mammal      Summ           Unusable   N/A       N/A         1
 Call Imp                 Summ           Unusable   N/A       N/A         2
 Call Canine Familiar     Summ           Unusable   N/A       N/A         3
 Summon Guardian Golem    Hex/Summ       Unusable   N/A       N/A         3
 Tukima's Dance           Hex            Unusable   N/A       N/A         3
 Animate Dead             Necr           Unusable   N/A       N/A         4
 Summon Ice Beast         Ice/Summ       Unusable   N/A       N/A         4
 Summon Forest            Summ/Tloc      Unusable   N/A       N/A         5
 Death Channel            Necr           Unusable   N/A       N/A         6
 Summon Hydra             Summ           Unusable   N/A       N/A         7

Inventory:

Hand Weapons
 b - a +5 scimitar of flaming
Missiles
 l - a throwing net {=f}
 q - 77 large rocks (quivered) {=f}
 I - 11 javelins
 L - 2 curare-tipped darts {=f}
 P - 4 silver javelins
Armour
 f - the +10 kite shield of Okawaru's Approval (worn) {rElec SInv} rElec: It insulates you from electricity. SInv: It lets you see invisible.
 j - the +3 gold dragon scales of Wasted Space (worn) {+Blink rPois rF+ rC+} rF: It protects you from fire. rC: It protects you from cold. rPois: It protects you from poison. +Blink: It lets you blink.
 w - the +2 hat of Tartarus (worn) {rF++ rN++ Str-5}

   Str:       It affects your strength (-5).
   rF:        It greatly protects you from fire.
   rN:        It greatly protects you from negative energy.
 B - a +1 cloak of willpower (worn)
 Q - the +7 tower shield of Hedging {rElec Will- MP+9 Stlth-} rElec: It insulates you from electricity. MP: It affects your magic capacity (+9). Will: It decreases your willpower. Stlth: It makes you less stealthy.
 W - the +3 crown of Dyrovepreva {rElec Int+2 SInv}

   Int:       It affects your intelligence (+2).
   rElec:     It insulates you from electricity.
   SInv:      It lets you see invisible.
 X - +0 gold dragon scales
Jewellery
 h - a ring of flight
 r - a ring of ice
 s - the ring of Beogh's Righteous Fury (left claw) {AC+4 Int+2}

   [ring of protection]

   AC:        It affects your AC (+4).
   Int:       It affects your intelligence (+2).
 v - the amulet of Elemental Vulnerability {rPois rF-- rC-- AC+8}

   [amulet of nothing]

   AC:        It affects your AC (+8).
   rF:        It makes you very vulnerable to fire.
   rC:        It makes you very vulnerable to cold.
   rPois:     It protects you from poison.
 F - a ring of see invisible
 N - a ring of fire
 O - an amulet of guardian spirit (around neck)
 V - the ring "Tathynli" (right claw) {EV+4 Dex+4}

   [ring of evasion]

   EV:        It affects your evasion (+4).
   Dex:       It affects your dexterity (+4).
 Y - a ring of protection from cold
Wands
 e - a wand of quicksilver (13)
 n - a wand of roots (28)
 y - a wand of mindburst (10)
 G - a wand of polymorph (10)
 J - a wand of flame (19)
Scrolls
 c - 5 scrolls of blinking
 k - 2 scrolls of fear
 m - 3 scrolls of noise {!r}
 o - 8 scrolls of immolation {!r}
 p - 4 scrolls of enchant weapon
 u - 13 scrolls of teleportation {@r4}
 x - a scroll of silence {!r}
 z - 7 scrolls of fog
 A - 5 scrolls of vulnerability {!r}
 H - 3 scrolls of enchant armour
 M - 2 scrolls of amnesia
 R - 3 scrolls of magic mapping
 S - 16 scrolls of identify {@r1}
 U - 4 scrolls of poison
Potions
 a - 2 potions of resistance
 d - 9 potions of lignification {!q}
 g - a potion of might
 i - 4 potions of curing {@q1}
 t - 5 potions of cancellation
 C - 3 potions of haste {@q3}
 D - 2 potions of invisibility
 E - a potion of ambrosia
 K - a potion of attraction {!q}
 Z - 3 potions of mutation {!q}

Dungeon Overview and Level Annotations

Branches:
Dungeon (15/15)            Temple (1/1) D:5            Lair (0/5) D:10
    Orc (0/2) D:11         Vaults (0/5) D:14         Depths (4/4) D:15
   Hell (visited)             Dis (0/7) Hell            Geh (0/7) Hell
    Coc (0/7) Hell            Tar (0/7) Hell            Zot (0/5) Depths:4

Altars:
Ashenzari
Cheibriados
Dithmenos
Elyvilon
Fedhas
Gozag
Hepliaklqana
Kikubaaqudgha
Makhleb
Nemelex Xobeh
Okawaru
Qazlal
Ru
Sif Muna
Trog
Uskayaw
Vehumet
Wu Jian
Xom
Yredelemnul
Zin
The Shining One

Shops:
D:2 *   D:5 *([   D:6 **   D:7 !   D:11 ?   D:13 :   D:14 *   Depths:2 =

Portals:
Hell: Depths:1 Depths:2 Depths:3 Depths:4
Abyss: Depths:3
Pandemonium: Depths:2
Ziggurat: Depths:3

Annotations:
D:10 exclusion: downstairs
D:11 exclusion: downstairs

.......xz.......
▒........zu.▒
▒▒...▒▒3.. ▒▒ ▒.
.. ▒z.▒..▒▒ ▒
..▒▒ ▒..*▒▒..
▒▒.▒ . .
▒.▒▒▒.......▒..▒
▒ ▒z▒▒▒u▒...▒
▒..▒▒XzzhX▒. ...
▒.W..T▒...▒ ▒..
....▒▒▒.▒..▒▒ .▒
.. ▒▒▒.▒. ▒
.▒▒X▒ ▒ . .. .
▒▒▒


You could see a starcursed mass, a white very ugly thing, a wretched star, a
large abomination, a freezing wraith, a smoke demon, a raiju and 4 flying
skulls.


Message History

The raiju blinks!
Okay, then.
As you read the scroll of teleportation {@r4}, it crumbles to dust.
You feel strangely unstable.
You feel the power of the Abyss delaying your translocation!
You feel like a meek peon again.
The flying skull hits you but does no damage.
You block the flying skull's attack.
Unknown command.
Use which ability? (? or * to list)
Okay, then.
You are confused.
You feel invigorated.
The guardian serpent casts a spell at you.
The bolt of poison hits the flying skull.
The flying skull completely resists.
The bolt of poison hits the large abomination.
The large abomination completely resists.
The bolt of poison hits you. You resist.
* * * LOW HITPOINT WARNING * * *
The large abomination hits you!
* * * LOW HITPOINT WARNING * * *
Unknown command.
You bump into the crystal wall.
The flying skull hits you but does no damage.
The flying skull hits you but does no damage.
A smoke demon comes into view.
The large abomination hits you!!
You die...

Action                   |  1- 3 |  4- 6 |  7- 9 | 10-12 | 13-15 | 16-18 | 19-21 || total
-------------------------+-------+-------+-------+-------+-------+-------+-------++-------
Melee: Unarmed           |    71 |   123 |   217 |   543 |   766 |  1260 |  1669 ||  4649
       Punch             |       |     2 |     9 |    47 |   101 |       |       ||   159
       War axe           |       |       |       |     1 |    13 |       |       ||    14
Throw: Dart              |       |       |       |     1 |       |       |       ||     1
       Large rock        |       |       |       |     2 |    16 |       |       ||    18
Invok: Fiery Armour      |       |       |     1 |       |       |       |       ||     1
       Foxfire Swarm     |       |       |       |     5 |       |       |       ||     5
       Heroism           |       |       |       |    17 |    41 |    72 |    35 ||   165
       Finesse           |       |       |       |       |     8 |    16 |     4 ||    28
       Duel              |       |       |       |       |       |       |     1 ||     1
Evoke: Wand              |       |       |       |     1 |     2 |     1 |     4 ||     8
  Use: Scroll            |       |       |    18 |    11 |     3 |     5 |     6 ||    43
       Potion            |       |       |       |     1 |     6 |    11 |    14 ||    32
Armor: Robe              |    21 |    42 |    18 |       |       |       |       ||    81
       Gold dragon scale |       |       |   106 |   402 |   489 |   545 |   621 ||  2163
Dodge: Dodged            |    35 |    69 |    39 |    86 |   281 |   195 |   234 ||   939
Block: Kite shield       |       |       |       |       |    91 |   956 |  1251 ||  2298

Levels and vault maps discovered:
D:1:      arrival_zaba_pyramid, layout_rooms
D:2:      layout_loops_ring, serial_shops, shop, ebering_ecumenical_altar_mist,
          uniq_jessica, uniq_natasha
D:3:      layout_loops_cross
D:4:      layout_basic, bh_walls_and_bars, uniq_edmund, uniq_eustachio
D:5:      layout_basic, minmay_temple_entry_antechambers, serial_shops,
          nicolae_shop_window_shopping, shop_coins, shop_statue, uniq_menkaure
D:6:      layout_layer_cave, serial_shops, nicolae_shop_statue_plus,
          nicolae_shop_fire_sale [nicolae_sub_dead_trees], chequers_big_river
D:7:      layout_basic, gammafunk_ghost_hive, serial_shops, shop, uniq_joseph,
          uniq_maggie
D:8:      layout_loops_corners, mainiacjoe_overflow_swirl
D:9:      layout_grid_maze, nicolae_transporter_intersection
D:10:     layout_basic, lair_entry_dummy, ebering_ghost_funeral_grove
D:11:     layout_basic, hiddenorc2_lemuel, serial_shops,
          nicolae_shop_statue_plus, led_sif_pool, uniq_urug, uniq_josephine
D:12:     layout_loops_ring
D:13:     layout_long_grid, serial_shops, kennysheep_mini,
          nicolae_uskayaw_en_pointe
D:14:     layout_small_grid, lightli_vaults_fourway_checkpoint,
          nicolae_gozag_seed_capital, serial_shops, shop, corner_web_ring,
          uniq_jorgrun
D:15:     gammafunk_enter_depths_forms, layout_rooms, minmay_misc_feat_room
Temple:   nicolae_temple_bog_church
Depths:1: layout_roguey, grunt_hell_entry_demonic_statue, grunt_decor_arrowhead,
          minmay_misc_feat_tiny, nicolae_elyvilon_temple_path, uniq_bai_suzhen,
          uniq_sojobo
Depths:2: dreamdust_cat_pyramid, layout_cave_shapes, hellmouth_3, serial_shops,
          nicolae_diamond_shop, hangedman_decor_slide_cut,
          rand_demon_pan_entry_5, uniq_josephina, uniq_vv
Depths:3: nzn_winding_woodlands_huge [nzn_winding_woodlands_5x15_parted,
          nzn_winding_woodlands_5x15_river_crossing,
          nzn_winding_woodlands_5x15_cabin, nzn_winding_woodlands_5x15_pool,
          nzn_winding_woodlands_5x15_pathside_ponds,
          nzn_winding_woodlands_5x15_longhouse,
          nzn_winding_woodlands_5x15_crooked, nzn_winding_woodlands_5x15_garden,
          nzn_winding_woodlands_5x15_default, nzn_winding_woodlands_5x15_eye,
          nzn_winding_woodlands_center_garden,
          nzn_winding_woodlands_center_pierced_h,
          nzn_winding_woodlands_15x15_boxy_spiral], layout_basic,
          enter_ziggurat_f, abyss_entry, hangedman_geh_valley,
          corexii_corridor_pit
Depths:4: evilmike_zot_entry_round, layout_gridlike, hell_entry,
          minmay_misc_feat_five
Hell
Abyss:4:  base: Tar:1, hangedman_abyss_or_decor_stagger,
          evilmike_abyss_exit_chaos, minivault_20, nicolae_abyss_rune_star_stuff
Pan:      nicolae_pan_glass_arcs, layout_cellular_growth, pan_blood_fountain,
          evilmike_mini_pan_thingy, layout_gridlike, pan_blood_fountain,
          lemuel_hall_of_pain, layout_pan_divisions_a [pan_division_quadrant_a6,
          pan_division_quadrant_a6, pan_division_quadrant_a4,
          pan_division_quadrant_a6, pan_division_octagon_box],
          evilmike_mini_pan_other_thingy, layout_pan_divisions_b
          [pan_division_quadrant_b6, pan_division_quadrant_b1,
          pan_division_quadrant_b1, pan_division_quadrant_b2],
          nicolae_pan_mnolegish_3, nicolae_pan_sigil_eeng, lom_lobon_spiral_st,
          layout_pan_divisions_a [pan_division_quadrant_a3,
          pan_division_quadrant_a4, pan_division_quadrant_a2,
          pan_division_quadrant_a5, pan_division_octagon_empty],
          pan_blood_fountain, nicolae_pan_gloorx_vloqian_1,
          evilmike_mini_pan_possible_glass, layout_grid_shapes

Notes
Turn   | Place    | Note
-------+----------+-------------------------------------------
     0 | D:1      | sanka the Troll Cinder Acolyte began the quest for the Orb.
     0 | D:1      | Reached XP level 1. HP: 22/22 MP: 1/1
    51 | D:1      | Reached XP level 2. HP: 29/29 MP: 2/2
   206 | D:1      | Reached skill level 4 in Unarmed Combat
   425 | D:1      | Reached XP level 3. HP: 26/36 MP: 3/3
   559 | D:2      | Noticed Jessica
   566 | D:2      | Noticed Natasha
   567 | D:2      | Found a faded altar of an unknown god.
   574 | D:2      | Killed Jessica
   575 | D:2      | Reached skill level 5 in Unarmed Combat
   575 | D:2      | Reached XP level 4. HP: 29/44 MP: 4/4
   578 | D:2      | Killed Natasha
   699 | D:2      | Found Wucon's Assorted Antiques.
   907 | D:2      | Noticed Natasha
   911 | D:2      | Killed Natasha
   930 | D:2      | Reached XP level 5. HP: 47/50 MP: 5/5
   944 | D:2      | Reached skill level 6 in Unarmed Combat
  1805 | D:4      | Noticed Eustachio
  1886 | D:4      | Killed Eustachio
  1887 | D:4      | Reached skill level 7 in Unarmed Combat
  1887 | D:4      | Reached XP level 6. HP: 20/59 MP: 6/6
  1989 | D:4      | Noticed Edmund
  1997 | D:4      | Killed Edmund
  2081 | D:4      | Reached skill level 8 in Unarmed Combat
  2081 | D:4      | Reached XP level 7. HP: 52/66 MP: 7/7
  2512 | D:5      | Entered Level 5 of the Dungeon
  2558 | D:5      | Found Gyemup's Assorted Antiques.
  2615 | D:5      | Found Umuso's Antique Weapon Emporium.
  2784 | D:5      | Reached skill level 9 in Unarmed Combat
  2804 | D:5      | Identified the +2 leather armour of the Sun {rC+ Stlth+}
  2817 | D:5      | Found a staircase to the Ecumenical Temple.
  2828 | Temple   | Entered the Ecumenical Temple
  3096 | D:5      | Found the amulet of Elemental Vulnerability {rPois rF--
                  | rC-- AC+8}
  3178 | D:5      | Found Moturoip's Antique Armour Boutique.
  3178 | D:5      | Noticed Menkaure
  3183 | D:5      | Killed Menkaure
  3483 | D:5      | Reached XP level 8. HP: 64/74 MP: 8/8
  3884 | D:5      | Identified 2 scrolls of acquirement
  3888 | D:5      | Acquired 797 gold pieces
  3890 | D:5      | Acquired the +3 gold dragon scales of Wasted Space {+Blink
                  | rPois rF+ rC+}
  4035 | D:2      | Bought a scroll of identify for 58 gold pieces
  4035 | D:2      | Bought a shiny onyx ring for 145 gold pieces
  4146 | D:5      | Bought a scroll of identify for 62 gold pieces
  4310 | D:6      | Reached skill level 10 in Unarmed Combat
  4381 | D:6      | Reached skill level 1 in Armour
  4386 | D:6      | Reached skill level 3 in Fighting
  4389 | D:6      | Reached skill level 2 in Armour
  4401 | D:6      | Reached skill level 4 in Fighting
  4408 | D:6      | Reached skill level 3 in Armour
  4408 | D:6      | Reached XP level 9. HP: 65/84 MP: 9/9
  4562 | D:6      | Found Satefubo's Assorted Antiques.
  4827 | D:6      | Found Pioxaup's Fire Supplies.
  5359 | D:7      | Found Fypsy's Distillery.
  5367 | D:7      | Bought a potion of heal wounds for 75 gold pieces
  5367 | D:7      | Bought a potion of haste for 150 gold pieces
  5367 | D:7      | Bought a potion of invisibility for 120 gold pieces
  5367 | D:7      | Bought a potion of lignification for 45 gold pieces
  5367 | D:7      | Bought a potion of lignification for 45 gold pieces
  5367 | D:7      | Bought a potion of lignification for 45 gold pieces
  5446 | D:5      | Bought a potion of haste for 310 gold pieces
  5651 | D:7      | Reached skill level 11 in Unarmed Combat
  5720 | D:7      | Noticed a queen bee
  5740 | D:7      | Found a transporter.
  5789 | D:7      | Noticed Joseph
  5859 | D:7      | Reached skill level 4 in Armour
  6064 | D:7      | Noticed sanka's ghost (novice TrCA)
  6132 | D:7      | Reached skill level 5 in Fighting
  6257 | D:7      | Killed Joseph
  6303 | D:7      | Identified +0 swamp dragon scales
  6303 | D:7      | Noticed Maggie
  6317 | D:7      | Killed Maggie
  6372 | D:7      | Reached skill level 5 in Armour
  6436 | D:7      | Found a transporter.
  6579 | D:7      | Reached XP level 10. HP: 87/98 MP: 10/10
  6638 | D:7      | Killed sanka's ghost
  6639 | D:7      | Reached skill level 6 in Fighting
  6639 | D:7      | Reached skill level 12 in Unarmed Combat
  6654 | D:7      | Identified the +10 plate armour of Digoezon {rC- rN+ Dex+3}
  6799 | Temple   | Fell from the grace of Ignis
  6799 | Temple   | Became a worshipper of Warmaster Okawaru
  7075 | D:8      | Found a glowing silver altar of Zin.
  7258 | D:10     | Entered Level 10 of the Dungeon
  7283 | D:10     | Reached skill level 1 in Invocations
  7338 | D:8      | Noticed a two-headed ogre
  7347 | D:8      | Killed a two-headed ogre
  7347 | D:8      | Reached * piety under Okawaru
  7348 | D:8      | Reached skill level 3 in Invocations
  7472 | D:11     | Reached skill level 4 in Invocations
  7498 | D:11     | Reached ** piety under Okawaru
  7528 | D:11     | Noticed a boulder beetle
  7538 | D:11     | Killed a boulder beetle
  7539 | D:11     | Reached skill level 6 in Armour
  7539 | D:11     | Reached skill level 1 in Dodging
  7547 | D:10     | Found a staircase to the Lair.
  7620 | D:8      | Noticed a two-headed ogre
  7627 | D:8      | Killed a two-headed ogre
  7627 | D:8      | Reached *** piety under Okawaru
  7628 | D:8      | Reached XP level 11. HP: 98/107 MP: 13/13
  7915 | D:8      | Found a hide-covered altar of Uskayaw.
  8139 | D:6      | Bought a ring of fire for 300 gold pieces
  8377 | D:9      | Found a transporter.
  8451 | D:9      | Found a transporter.
  8482 | D:9      | Found a transporter.
  8603 | D:9      | Reached skill level 7 in Fighting
  8603 | D:9      | Reached skill level 2 in Dodging
  8865 | D:9      | Found a transporter.
  9531 | D:10     | Noticed a two-headed ogre
  9548 | D:10     | Killed a two-headed ogre
  9793 | D:10     | Found a runed translucent door.
  9794 | D:10     | Identified the +3 trident of Fimbulwinter {spect, *Corrode
                  | rF++ rN+ Int+4}
  9795 | D:10     | Noticed ioannis32's ghost (journeyman DsBe)
  9795 | D:10     | Noticed a spriggan rider
  9876 | D:10     | Identified the +3 war axe "Akkan" {elec, rPois rC+}
  9953 | D:12     | Reached skill level 3 in Dodging
  9963 | D:12     | Acquired 894 gold pieces
  9984 | D:12     | Noticed a two-headed ogre
  9988 | D:12     | Killed a two-headed ogre
 10196 | D:12     | Reached **** piety under Okawaru
 10197 | D:12     | Reached skill level 7 in Armour
 10333 | D:11     | Found a staircase to the Orcish Mines.
 10484 | D:11     | Identified a +2 robe of resistance
 10484 | D:11     | Noticed Josephine
 10489 | D:11     | Killed Josephine
 10490 | D:11     | Reached skill level 13 in Unarmed Combat
 10508 | D:11     | Noticed Urug
 10526 | D:11     | Killed Urug
 10543 | D:11     | Reached ***** piety under Okawaru
 11110 | D:10     | Identified the +1 robe of Cuveib {Will+}
 11220 | D:11     | Noticed a cyan ugly thing
 11232 | D:11     | Killed a cyan ugly thing
 11233 | D:11     | Reached skill level 4 in Dodging
 11545 | D:11     | Reached skill level 8 in Fighting
 11554 | D:11     | Noticed a two-headed ogre
 11564 | D:11     | Killed a two-headed ogre
 11657 | D:11     | Noticed a two-headed ogre
 11671 | D:11     | Killed a two-headed ogre
 11671 | D:11     | Received a gift from Okawaru
 11672 | D:11     | Reached XP level 12. HP: 118/119 MP: 11/14
 11753 | D:11     | Noticed a two-headed ogre
 11761 | D:11     | Killed a two-headed ogre
 11761 | D:13     | Was forgiven by Ignis
 11802 | D:13     | Received a gift from Okawaru
 11831 | D:13     | Found a hide-covered altar of Uskayaw.
 11855 | D:11     | Found Ulyceom's Magic Scroll Shoppe.
 12036 | D:10     | Reached skill level 5 in Dodging
 12040 | D:10     | Reached skill level 8 in Armour
 12048 | D:10     | Killed ioannis32's ghost
 12363 | D:11     | Bought a scroll of acquirement for 936 gold pieces
 12363 | D:11     | Acquired 467 gold pieces
 12365 | D:11     | Bought a scroll of magic mapping for 135 gold pieces
 12365 | D:11     | Bought a scroll of teleportation for 54 gold pieces
 12365 | D:11     | Bought 2 scrolls of teleportation for 108 gold pieces
 12558 | D:5      | Bought a scroll of enchant armour for 232 gold pieces
 12558 | D:5      | Bought a scroll of teleportation for 93 gold pieces
 12558 | D:5      | Bought a potion of might for 124 gold pieces
 13019 | D:13     | Found Edghuly's Book Emporium.
 13082 | D:13     | Noticed a catoblepas
 13094 | D:13     | Killed a catoblepas
 13244 | D:13     | Received a gift from Okawaru
 13396 | D:12     | Noticed a boulder beetle
 13410 | D:12     | Killed a boulder beetle
 13411 | D:12     | Reached skill level 9 in Fighting
 13411 | D:12     | Reached skill level 14 in Unarmed Combat
 13716 | D:13     | Noticed a centaur warrior
 13730 | D:13     | Killed a centaur warrior
 13906 | D:13     | Identified 2 potions of resistance
 13987 | D:14     | Found Unaqe's Assorted Antiques.
 13993 | D:14     | Noticed a four-headed hydra
 13998 | D:14     | Killed a three-headed hydra
 13999 | D:14     | Reached skill level 6 in Dodging
 14000 | D:14     | Noticed a death knight
 14062 | D:14     | Killed a death knight
 14131 | D:14     | Bought a potion of heal wounds for 155 gold pieces
 14147 | D:14     | Found an opulent altar of Gozag.
 14208 | D:14     | Noticed a catoblepas
 14216 | D:14     | Killed a catoblepas
 14217 | D:14     | Reached XP level 13. HP: 118/131 MP: 15/15
 14318 | D:14     | Reached skill level 9 in Armour
 14323 | D:14     | Reached skill level 5 in Invocations
 14521 | D:14     | Found a gate to the Vaults.
 14617 | D:14     | Received a gift from Okawaru
 14659 | D:14     | Bought a scroll of enchant armour for 232 gold pieces
 14782 | D:14     | Noticed Jorgrun
 14794 | D:14     | Killed Jorgrun
 14795 | D:14     | Reached skill level 7 in Dodging
 15022 | D:14     | Reached skill level 6 in Invocations
 15283 | D:15     | Entered Level 15 of the Dungeon
 15310 | D:15     | Identified the +9 executioner's axe "Waus" {drain, rElec
                  | rC+ SInv} (Okawaru gifted it to you on level 15 of the
                  | Dungeon)
 15310 | D:15     | Received a gift from Okawaru
 15344 | D:15     | Reached skill level 10 in Fighting
 15446 | D:15     | Paralysed by a great orb of eyes for 5 turns
 15500 | D:15     | Reached skill level 15 in Unarmed Combat
 15500 | D:15     | Reached XP level 14. HP: 104/143 MP: 17/17
 15562 | D:15     | Found a staircase to the Depths.
 15765 | D:15     | Received a gift from Okawaru
 16243 | Depths:1 | Entered Level 1 of the Depths
 16274 | Depths:1 | Reached skill level 10 in Armour
 16297 | Depths:1 | Reached skill level 7 in Invocations
 16316 | Depths:1 | Noticed Sojobo
 16316 | Depths:1 | Noticed a tengu reaver
 16316 | Depths:1 | Noticed a tengu reaver
 16329 | Depths:1 | Killed Sojobo
 16330 | Depths:1 | Reached skill level 8 in Dodging
 16434 | Depths:1 | Killed a tengu reaver
 16444 | Depths:1 | Killed a tengu reaver
 16581 | Depths:1 | Noticed a cacodemon
 16714 | Depths:1 | Gained mutation: You occasionally lose the ability to drink
                  | potions when taking damage. [a cacodemon]
 16722 | D:15     | Killed a cacodemon
 16854 | Depths:1 | Gained mutation: You are occasionally teleported next to
                  | monsters. [a neqoxec]
 16867 | D:15     | Lost mutation: You are occasionally teleported next to
                  | monsters. [potion of mutation]
 16867 | D:15     | Lost mutation: You occasionally lose the ability to drink
                  | potions when taking damage. [potion of mutation]
 16867 | D:15     | Gained mutation: You are clumsy. (Dex -2) [potion of
                  | mutation]
 16867 | D:15     | Lost mutation: You are clumsy. (Dex -2) [potion of
                  | mutation]
 16867 | D:15     | Gained mutation: Your system is resistant to poisons.
                  | (rPois) [potion of mutation]
 16959 | Depths:1 | Found a gateway to Hell.
 17016 | Depths:1 | Identified the +1 ring mail of Valour {Harm *Slow rElec}
 17111 | Depths:1 | Noticed a frost giant
 17111 | Depths:1 | Noticed a red very ugly thing
 17112 | Depths:1 | Noticed a red very ugly thing
 17120 | Depths:1 | Noticed a red very ugly thing
 17124 | Depths:1 | Killed a frost giant
 17125 | Depths:1 | Reached skill level 8 in Invocations
 17128 | Depths:1 | Killed a red very ugly thing
 17129 | Depths:1 | Reached skill level 11 in Fighting
 17138 | Depths:1 | Killed a green very ugly thing
 17148 | Depths:1 | Killed a purple very ugly thing
 17249 | Depths:1 | Noticed a green very ugly thing
 17249 | Depths:1 | Noticed a green very ugly thing
 17263 | Depths:1 | Noticed a green very ugly thing
 17265 | Depths:1 | Killed a green very ugly thing
 17277 | Depths:1 | Killed a green very ugly thing
 17298 | Depths:1 | Noticed a fire giant
 17306 | Depths:1 | Killed a fire giant
 17329 | Depths:1 | Killed a green very ugly thing
 17330 | Depths:1 | Reached XP level 15. HP: 81/153 MP: 14/20
 17662 | Depths:1 | Reached skill level 16 in Unarmed Combat
 17758 | Depths:1 | Reached ****** piety under Okawaru
 17759 | Depths:1 | Reached skill level 11 in Armour
 17817 | Depths:1 | Identified the +3 quarterstaff "Meddyja" {vorpal, rElec}
                  | (Okawaru gifted it to you on level 1 of the Depths)
 17817 | Depths:1 | Received a gift from Okawaru
 18086 | Depths:1 | Noticed a lich
 18129 | Depths:1 | Noticed a sphinx
 18151 | Depths:1 | Reached skill level 9 in Invocations
 18154 | Depths:1 | Killed a sphinx
 18312 | Depths:1 | Found a white marble altar of Elyvilon.
 18464 | Depths:1 | Noticed Bai Suzhen
 18483 | Depths:1 | Killed Bai Suzhen
 18825 | Depths:2 | Identified the +10 kite shield of Okawaru's Approval {rElec
                  | SInv} (Okawaru gifted it to you on level 2 of the Depths)
 18825 | Depths:2 | Received a gift from Okawaru
 18924 | Depths:2 | Noticed a frost giant
 18924 | Depths:2 | Noticed a lich
 18927 | Depths:2 | Reached skill level 1 in Shields
 19058 | Depths:1 | Reached skill level 2 in Shields
 19117 | Depths:1 | Reached skill level 3 in Shields
 19232 | Depths:2 | Noticed a frost giant
 19349 | Depths:2 | Killed a frost giant
 19354 | Depths:2 | Reached skill level 4 in Shields
 19505 | Depths:2 | Reached skill level 5 in Shields
 19667 | Depths:2 | Identified +0 ice dragon scales
 19705 | Depths:2 | Reached skill level 6 in Shields
 19759 | Depths:2 | Reached XP level 16. HP: 58/165 MP: 18/22
 19886 | Depths:1 | Identified +0 ice dragon scales
 19887 | Depths:1 | Reached skill level 7 in Shields
 20122 | Depths:2 | Killed a lich
 20123 | Depths:2 | Reached skill level 8 in Shields
 20169 | Depths:2 | Received a gift from Okawaru
 20446 | Depths:2 | Found Ufuitt's Jewellery Shoppe.
 20466 | Depths:2 | Bought the ring of Beogh's Righteous Fury {AC+4 Int+2} for
                  | 660 gold pieces
 20638 | Depths:2 | Reached skill level 9 in Shields
 20798 | Depths:2 | Noticed a sphinx
 20798 | Depths:2 | Noticed a sphinx
 20800 | Depths:2 | Noticed a sphinx
 20803 | Depths:2 | Paralysed by a sphinx for 2 turns
 20814 | Depths:2 | Killed a sphinx
 20817 | Depths:2 | Killed a sphinx
 20825 | Depths:2 | Killed a sphinx
 20897 | Depths:2 | Found a one-way gate leading to the halls of Pandemonium.
 20897 | Depths:2 | Noticed Vv
 20935 | Depths:2 | HP: 2/165 [Vv/creeping frost (44)]
 21211 | Depths:3 | Reached skill level 10 in Shields
 21222 | Depths:3 | Identified the +2 hat of Tartarus {rF++ rN++ Str-5}
                  | (Okawaru gifted it to you on level 3 of the Depths)
 21222 | Depths:3 | Received a gift from Okawaru
 21235 | Depths:3 | Noticed a lich
 21241 | Depths:3 | Reached skill level 12 in Fighting
 21318 | Depths:3 | Killed a lich
 21529 | Depths:3 | Identified +0 ice dragon scales
 21530 | Depths:3 | Reached skill level 17 in Unarmed Combat
 21754 | Depths:3 | Identified the ring "Tathynli" {EV+4 Dex+4}
 22195 | Depths:3 | Noticed a storm dragon
 22225 | Depths:3 | Killed a storm dragon
 22225 | Depths:3 | Identified +0 storm dragon scales
 22318 | Depths:3 | Reached skill level 13 in Fighting
 22323 | Depths:3 | Received a gift from Okawaru
 22323 | Depths:3 | Found the +3 crown of Dyrovepreva {rElec Int+2 SInv}
 22324 | Depths:3 | Reached XP level 17. HP: 118/176 MP: 23/23
 22444 | Depths:3 | Noticed a caustic shrike
 22461 | Depths:3 | Killed a caustic shrike
 22608 | Depths:3 | Found a one-way gate to the infinite horrors of the Abyss.
 22684 | Depths:3 | Found a one-way gateway to a ziggurat.
 22685 | Depths:3 | Noticed a quicksilver dragon
 22692 | Depths:3 | Killed a quicksilver dragon
 22896 | Depths:3 | Reached skill level 18 in Unarmed Combat
 23402 | Depths:3 | Identified +0 ice dragon scales
 23534 | Depths:3 | Noticed a tentacled monstrosity
 23540 | Depths:3 | Killed a tentacled monstrosity
 23567 | Depths:3 | Noticed a walking earthen tome
 23577 | Depths:3 | Killed a walking earthen tome
 23589 | Depths:3 | Noticed a walking earthen tome
 23602 | Depths:3 | Killed a walking earthen tome
 23746 | Depths:3 | Reached skill level 14 in Fighting
 23797 | Depths:3 | Noticed a titan
 23803 | Depths:3 | Received a gift from Okawaru
 23816 | Depths:3 | Killed a titan
 23916 | Depths:3 | Identified the +4 scale mail "Ilotinoru" {Regen+ Slay+2}
 23951 | Depths:3 | Noticed a lich
 23958 | Depths:3 | Killed a lich
 24076 | Depths:3 | Identified +0 shadow dragon scales
 24077 | Depths:3 | Reached skill level 19 in Unarmed Combat
 24138 | Depths:3 | Identified the amulet "Lofanu" {Acrobat -Tele rN+ Regen+
                  | Str+6}
 24138 | Depths:3 | Noticed a juggernaut
 24145 | Depths:3 | Noticed a golden dragon
 24145 | Depths:3 | Killed a juggernaut
 24155 | Depths:3 | Killed a golden dragon
 24155 | Depths:3 | Identified +0 gold dragon scales
 24541 | Depths:3 | Found a one-way gateway to a ziggurat.
 24935 | Depths:3 | Found a one-way gate to the infinite horrors of the Abyss.
 25831 | Depths:4 | Entered Level 4 of the Depths
 26195 | Depths:4 | Reached XP level 18. HP: 181/191 MP: 24/24
 26662 | Depths:4 | Reached skill level 10 in Invocations
 27279 | Depths:4 | Found a gate to the Realm of Zot.
 27308 | Depths:4 | Received a gift from Okawaru
 27346 | Depths:4 | Noticed a golden dragon
 27496 | Depths:4 | Noticed a bone dragon
 27545 | Depths:4 | Killed a golden dragon
 27553 | Depths:4 | Killed a bone dragon
 27554 | Depths:4 | Reached skill level 15 in Fighting
 28198 | Hell     | Entered the Vestibule of Hell
 28198 | Hell     | Noticed Geryon
 28361 | Hell     | Killed Geryon
 28761 | Hell     | Reached skill level 11 in Invocations
 29475 | Depths:3 | Found a one-way gateway to a ziggurat.
 29676 | Depths:3 | Found a one-way gate to the infinite horrors of the Abyss.
 30614 | Depths:3 | Found a one-way gateway to a ziggurat.
 30978 | Depths:3 | Found a one-way gate to the infinite horrors of the Abyss.
 31700 | Hell     | Reached skill level 20 in Unarmed Combat
 32158 | Depths:3 | Found a one-way gateway to a ziggurat.
 32533 | Depths:3 | Found a one-way gate to the infinite horrors of the Abyss.
 33533 | Depths:3 | Found a one-way gateway to a ziggurat.
 33715 | Depths:3 | Found a one-way gate to the infinite horrors of the Abyss.
 34802 | Hell     | Found a gateway to the decaying netherworld of Tartarus.
 35247 | Hell     | Found a gateway to the ashen valley of Gehenna.
 35262 | Hell     | Paralysed by a wendigo for 1 turns
 35351 | Hell     | Found a gateway to the freezing wastes of Cocytus.
 35490 | Hell     | Found a gateway to the Iron City of Dis.
 35683 | Depths:2 | Gained mutation: You are agile. (Dex +4, Str/Int -1) [a
                  | cacodemon]
 35685 | Depths:2 | Gained mutation: You are dopey. (Int -2) [a cacodemon]
 35686 | Depths:2 | Gained mutation: You occasionally shout uncontrollably at
                  | your foes. [a cacodemon]
 35875 | Depths:2 | Killed Vv
 35893 | Depths:2 | Reached XP level 19. HP: 149/204 MP: 16/26
 36047 | Pan      | Entered Pandemonium
 36048 | Pan      | Noticed Vetacran the pandemonium lord
 36085 | Pan      | Killed Vetacran the pandemonium lord
 36103 | Pan      | Reached skill level 12 in Invocations
 36264 | Pan      | Got a demonic rune of Zot
 36331 | Pan      | Reached skill level 16 in Fighting
 36496 | Pan      | Gained mutation: You are weak. (Str -2) [a neqoxec]
 36929 | Pan      | Identified the +1 pair of gloves "Veth" {Harm rF++ Dex+6}
 37215 | Pan      | Reached skill level 1 in Throwing
 37231 | Pan      | Found an exit through the horrors of the Abyss.
 37277 | Pan      | Noticed Yssybi the pandemonium lord
 37286 | Pan      | Took an exit into the Abyss.
 37286 | Abyss:1  | Escaped into the Abyss
 37345 | Abyss:1  | Identified the +0 tower shield of Twilight {Stlth+}
                  | (Okawaru gifted it to you on level 1 of the Abyss)
 37345 | Abyss:1  | Received a gift from Okawaru
 37577 | Abyss:2  | Reached skill level 2 in Throwing
 37738 | Abyss:3  | Found a corrupted altar of Lugonu.
 37750 | Abyss:3  | Noticed a dread lich
 37766 | Abyss:3  | Killed a dread lich
 37771 | Depths:2 | Escaped the Abyss
 38050 | D:7      | Bought 2 potions of mutation for 240 gold pieces
 38050 | D:7      | Bought a potion of cancellation for 120 gold pieces
 38556 | Pan      | Entered Pandemonium
 38652 | Pan      | Reached skill level 3 in Throwing
 38701 | Pan      | Reached skill level 21 in Unarmed Combat
 38809 | Pan      | Noticed a Brimstone Fiend
 38813 | Pan      | Noticed a Brimstone Fiend
 38977 | Pan      | Identified the amulet "Teicaal" {Spirit Fragile +Blink
                  | rPois Int-4}
 38989 | Pan      | Noticed a golden dragon
 38989 | Pan      | Noticed a golden dragon
 39009 | Pan      | Gained mutation: Your spells are a little easier to cast,
                  | but a little less powerful. [a cacodemon]
 39015 | Pan      | Reached skill level 4 in Throwing
 39207 | Pan      | Lost mutation: You are agile. (Dex +4, Str/Int -1) [a
                  | neqoxec]
 39399 | Pan      | Entered the realm of Lom Lobon.
 39471 | Pan      | Identified the +0 robe "Muvvo" {-Tele rN+++ Will+ Dex+2}
                  | (Okawaru gifted it to you in Pandemonium)
 39471 | Pan      | Received a gift from Okawaru
 39478 | Pan      | Reached skill level 5 in Throwing
 39537 | Pan      | Identified a +2 robe of the Archmagi
 40071 | Pan      | Identified +0 storm dragon scales
 40242 | Pan      | Reached XP level 20. HP: 217/217 MP: 28/28
 40676 | Pan      | Reached skill level 6 in Throwing
 40832 | Pan      | Reached skill level 17 in Fighting
 41315 | Pan      | Noticed Lom Lobon
 41319 | Arena    | Entered the Arena
 41360 | Arena    | HP: 16/218 [Lom Lobon/great icy blast (27)]
 41365 | Arena    | Killed Lom Lobon
 41556 | Pan      | Got a magical rune of Zot
 41952 | Pan      | Reached skill level 7 in Throwing
 42083 | Abyss:3  | Cast into level 3 of the Abyss (a deep elf sorcerer)
 42212 | Abyss:3  | Received a gift from Okawaru
 42372 | Abyss:3  | Reached skill level 22 in Unarmed Combat
 42396 | Abyss:3  | Learned a level 2 spell: Passwall
 43087 | Abyss:3  | Received a gift from Okawaru
 43140 | Abyss:3  | Identified +0 fire dragon scales
 43275 | Abyss:3  | Paralysed by accursed screaming for 1 turns
 43526 | Abyss:3  | Reached skill level 8 in Throwing
 43582 | Abyss:3  | Noticed a bone dragon
 43602 | Abyss:3  | Killed a bone dragon
 44011 | Abyss:3  | Identified the +7 tower shield of Hedging {rElec Will- MP+9
                  | Stlth-} (Okawaru gifted it to you on level 3 of the Abyss)
 44011 | Abyss:3  | Received a gift from Okawaru
 44251 | Abyss:3  | Reached skill level 18 in Fighting
 44294 | Abyss:4  | Noticed a bone dragon
 44308 | Abyss:4  | Killed a bone dragon
 44309 | Abyss:4  | Reached XP level 21. HP: 228/230 MP: 26/29
 44427 | Abyss:4  | Found a corrupted altar of Lugonu.
 44427 | Abyss:4  | Found a corrupted altar of Lugonu.
 44427 | Abyss:4  | Found a corrupted altar of Lugonu.
 44541 | Abyss:4  | Gained mutation: You occasionally lose the ability to drink
                  | potions when taking damage. [a neqoxec]
 44681 | Abyss:4  | Reached skill level 11 in Shields
 44736 | Abyss:4  | Paralysed by accursed screaming for 2 turns
 44739 | Abyss:4  | HP: 23/230 [naga warrior/+0 glaive (15)]
 44743 | Abyss:4  | HP: 11/230 [raiju/living lightning (5)]
 44749 | Abyss:4  | HP: 15/230 [starcursed mass/accursed screaming (4)]
 44754 | Abyss:4  | HP: 17/230 [guardian serpent/bolt of poison (2)]
 44754 | Abyss:4  | HP: 6/230 [large abomination (11)]
 44755 | Abyss:4  | Slain by a large abomination

Vanquished Creatures
  Lom Lobon (Arena)
  A dread lich (Abyss:3)
  A juggernaut (Depths:3)
  Sojobo (Depths:1)
  Vv (Depths:2)
  Bai Suzhen (Depths:1)
  A caustic shrike (Depths:3)
  Geryon (Hell)
  2 golden dragons
  3 bone dragons
  A hellephant (Abyss:3)
  A pandemonium lord (Pan)
  A Hell Sentinel (Pan)
  A tentacled monstrosity (Depths:3)
  3 liches
  Jorgrun (D:14)
  2 walking earthen tomes (Depths:3)
  6 titans
  A quicksilver dragon (Depths:3)
  4 sphinxes
  2 ancient champions (Depths:3)
  8 tentacled starspawn
  2 Executioners (Pan)
  3 tengu reavers
  3 storm dragons
  4 shadow dragons
  2 demonspawn warmongers (Pan)
  2 revenants
  3 fire giants
  A daeva (Abyss:3)
  13 frost giants
  An iron dragon (Depths:3)
  5 cacodemons
  An angel (Depths:3)
  A caustic shrike zombie (Abyss:3)
  3 draconian shifters
  3 demonspawn blood saints (Pan)
  3 demonspawn corrupters (Pan)
  A shard shrike simulacrum (Hell)
  5 balrugs
  3 draconian annihilators (Pan)
  3 spriggan defenders (Depths:3)
  2 reapers
  22 very ugly things
  A draconian stormcaller (Depths:4)
  14 stone giants
  5 vampire knights
  A green draconian (Abyss:3)
  40 starcursed masses
  A demonspawn black sun (Pan)
  An elemental wellspring (Hell)
  7 lorocyprocas
  A wendigo (Hell)
  3 yellow draconians
  2 red draconians
  7 spark wasps
  2 deep elf annihilators (Pan)
  A white draconian (Depths:4)
  12 green deaths (Pan)
  An eidolon (Abyss:4)
  3 iron golems (Depths:3)
  7 ettins
  A crystal guardian (Depths:3)
  5 blizzard demons
  Josephine (D:11)
  8 rakshasas
  9 fire dragons
  5 jiangshi
  A caustic shrike simulacrum (Hell)
  A spriggan zombie (Abyss:2)
  A great orb of eyes (D:15)
  4 vault guards (D:14)
  3 hell beasts
  2 catoblepae
  4 boulder beetles
  8 ice dragons
  4 hydras
  4 centaur warriors
  The ghost of ioannis32 the Protected, a journeyman DsBe of Trog (D:10)
  4 spriggan air magi
  8 two-headed ogres
  6 deep troll shamans
  A death knight (D:14)
  A naga warrior (Abyss:4)
  4 tengu warriors
  7 deep troll earth magi
  8 hell hogs
  5 vampire magi
  9 spriggan berserkers
  Urug (D:11)
  15 hell knights
  The ghost of sanka the Grappler, a novice TrCA of Ignis (D:7)
  9 thrashing horrors
  17 sun demons
  3 shock serpents (Pan)
  15 sixfirhies
  11 wretched stars
  8 soul eaters
  2 crystal echidnas (Depths:3)
  6 skeletal warriors
  10 iron trolls
  A storm dragon skeleton (Depths:1)
  A cherub (Pan)
  A death drake (Abyss:3)
  22 large abominations
  An orb spider (Abyss:4)
  A bunyip skeleton (Abyss:3)
  2 orange crystal statues (Hell)
  3 flayed ghosts (Depths:3)
  6 glowing orange brains
  7 shadow demons
  An obsidian statue (Depths:1)
  17 deep trolls
  6 phantasmal warriors
  5 wizards
  A necromancer (Depths:1)
  A cyclops (shapeshifter) (D:14)
  A deep elf pyromancer (D:14)
  34 ugly things
  A faun (shapeshifter) (Abyss:3)
  4 cyclopes
  An iron dragon zombie (Abyss:3)
  A stone giant zombie (Depths:1)
  2 worldbinders
  A mana viper (shapeshifter) (D:15)
  A fire giant zombie (Depths:1)
  4 manticores
  A frost giant skeleton (Depths:1)
  A guardian serpent (Abyss:4)
  Joseph (D:7)
  2 rust devils
  48 smoke demons
  A gargoyle (D:12)
  7 molten gargoyles
  2 eyes of devastation
  5 orange demons
  An unseen horror (D:12)
  4 hellions
  A demonic crawler (Pan)
  Maggie (D:7)
  3 tormentors
  2 efreet
  2 freezing wraiths
  A kobold demonologist (D:14)
  A bunyip simulacrum (Hell)
  5 tengu conjurers
  An anaconda simulacrum (Hell)
  An ice devil (Depths:2)
  A queen bee (D:7)
  A rime drake (shapeshifter) (Abyss:4)
  A harpy zombie (Abyss:3)
  30 hellwings (Pan)
  11 ancient zymes
  A red devil (Pan)
  3 meliai (D:14)
  3 trolls
  A harpy skeleton (Abyss:3)
  12 slime creatures
  A queen bee (shapeshifter) (Abyss:3)
  2 blink frogs (Abyss:3)
  A tyrant leech (Abyss:3)
  A shadow dragon simulacrum (Hell)
  A hornet (D:10)
  18 raiju
  11 ynoxinuls
  A shadow (D:7)
  3 flying skulls
  3 spriggans (D:10)
  A centaur simulacrum (Hell)
  2 water elementals
  An alligator snapping turtle simulacrum (Hell)
  6 yaks (D:6)
  A wyvern (D:11)
  Eustachio (D:4)
  9 wraiths
  7 fire bats
  A steam dragon (shapeshifter) (Abyss:3)
  A basilisk (D:14)
  8 chaos spawn
  14 fire elementals
  12 neqoxecs
  A basilisk (shapeshifter) (Abyss:3)
  18 vampire mosquitoes
  Menkaure (D:5)
  2 spatial vortices (Abyss:3)
  2 harpy simulacra (Hell)
  A naga (Abyss:4)
  Edmund (D:4)
  2 acid dragons
  15 hell hounds
  A water moccasin (D:8)
  A floating eye (Depths:1)
  2 orc warriors (D:8)
  2 ice beasts
  A sky beast (D:7)
  5 black bears
  A black mamba simulacrum (Hell)
  10 centaurs
  2 phantoms (D:5)
  2 kobold brigands (D:9)
  20 small abominations
  3 bullfrogs
  A necrophage (D:6)
  A naga simulacrum (Hell)
  An earth elemental (Abyss:3)
  3 gnoll sergeants
  3 scorpions
  13 wights
  5 killer bees (D:7)
  7 howler monkeys
  3 quasits
  4 iron imps
  4 hounds
  A jelly (D:6)
  2 orc priests (D:11)
  Jessica (D:2)
  2 gnoll boudas
  3 iguanas (D:5)
  Natasha (twice) (D:2)
  11 orc wizards
  25 gnolls
  7 adders
  A shadow imp (D:7)
  2 white imps
  2 ufetubi (Abyss:4)
  A dart slug (D:2)
  40 orcs
  12 endoplasms
  2 giant cockroaches
  8 goblins
  11 hobgoblins
  15 kobolds
  4 quokkas
  3 ball pythons
  5 bats
  A frilled lizard (D:3)
  3 rats
  A lurking horror (Abyss:4)
1142 creatures vanquished.

Vanquished Creatures (others)
  A demonspawn corrupter (Pan)
  A hell hog (Depths:3)
  A shadow demon (Abyss:4)
  A smoke demon (Pan)
  2 golden eyes (Abyss:3)
  97 foxfires (D:7)
  2 fungi (D:10)
  A lurking horror (Abyss:4)
  21 plants
  20 starspawn tentacles
147 creatures vanquished.

Grand Total: 1289 creatures vanquished
